 Dungeon Crawl Stone Soup version 0.28-a0-268-g3f656e82c2 (webtiles) character file.

Game seed: 12517155223086166062

4207 PentaManta the Cleaver (level 10, -15/81 HPs)
             Began as a Ghoul Berserker on Aug 28, 2021.
             Was an Elder of Trog.
             Demolished by a two-headed ogre (17 damage)
             ... on level 8 of the Dungeon.
             The game lasted 00:19:18 (9609 turns).

PentaManta the Cleaver (Ghoul Berserker)            Turns: 9609, Time: 00:19:18

Health: -15/81     AC: 16    Str: 24    XL:     10   Next: 29%
Magic:  9/9        EV:  8    Int:  3    God:    Trog [****..]
Gold:   356        SH:  0    Dex:  8    Spells: 9/9 levels left

rFire   . . .      SeeInvis +   z - +0 war axe (vorpal)
rCold   + . .      Faith    .   (no shield)
rNeg    + + +      Spirit   .   t - +0 chain mail
rPois   ∞          Reflect  .   E - +1 hat
rElec   .          Harm     .   I - +0 cloak
rCorr   .          Rampage  +   y - +1 pair of gloves
Will    +....                   l - +2 pair of boots {rampage}
Stlth   ..........              (no amulet)
HPRegen 0.00/turn               n - ring of willpower
MPRegen 0.11/turn               c - ring of see invisible

@: inhibited regen, hasted, very quick
A: claws 1, cold resistance 1, negative energy resistance 3, inhibited
regeneration, torment resistance 2
a: Renounce Religion, Trog's Hand, Brothers in Arms


You were on level 8 of the Dungeon.
You worshipped Trog.
Trog was greatly pleased with you.
You visited 2 branches of the dungeon, and saw 9 of its levels.
You also visited: Ossuary.

You collected 574 gold pieces.
You spent 218 gold pieces at shops.

Inventory:

Hand Weapons
 m - a +0 whip
 z - a +0 vorpal war axe (weapon)
 B - a +2 hand axe of freezing
Missiles
 a - 4 boomerangs (quivered)
 w - 40 poisoned darts
 F - a throwing net
Armour
 l - a +2 pair of boots of rampaging (worn)
 t - a +0 chain mail (worn)
 y - a +1 pair of gloves (worn)
 A - +0 swamp dragon scales
 E - a +1 hat (worn)
 I - a +0 cloak (worn)
Jewellery
 c - a ring of see invisible (right hand)
 e - a ring of flight
 n - a ring of willpower (left hand)
 s - a +6 ring of strength
 G - a ring of protection from fire
 J - a ring of fire
Wands
 k - a wand of charming (7)
 D - a wand of acid (6)
Scrolls
 f - 8 scrolls of teleportation
 g - 9 scrolls of identify
 h - a scroll of immolation
 j - 2 scrolls of fog {unknown}
 o - a scroll of blinking {unknown}
 p - 2 scrolls of magic mapping {unknown}
 u - a scroll of silence {unknown}
 x - a scroll of noise {unknown}
 C - a scroll of torment {unknown}
Potions
 b - 2 potions of degeneration {unknown}
 d - 2 potions of haste
 i - 5 potions of heal wounds
 q - 2 potions of might {unknown}
 r - 2 potions of curing
 v - a potion of magic {unknown}
 H - a potion of lignification {unknown}
 K - a potion of invisibility {unknown}


   Skills:
 * Level 5.4 Fighting
 + Level 12.4 Axes
 * Level 3.9 Armour
 - Level 1.7 Dodging


You had 9 spell levels left.
You didn't know any spells.
Your spell library was empty.

Dungeon Overview and Level Annotations

Branches:
Dungeon (8/15)             Temple (1/1) D:6            Lair (0/6) D:8
Ossuary (visited)

Altars:
Ashenzari
Cheibriados
Dithmenos
Elyvilon
Gozag
Hepliaklqana
Kikubaaqudgha
Nemelex Xobeh
Okawaru
Qazlal
Ru
Sif Muna
Trog
Vehumet
Wu Jian
Xom
Yredelemnul
The Shining One

Shops:
D:5 !   D:8 =!=

Annotations:
D:3 exclusion: upstairs
D:5 Ijyb
D:7 1 runed translucent door, sorek's ghost, novice MiBe


Innate Abilities, Weirdness & Mutations

You thrive by killing the living.
You are immune to poison.
You have sharp fingernails.
Your flesh is cold resistant. (rC+)
You are immune to negative energy. (rN+++)
You do not regenerate when monsters are visible.
You are immune to unholy pain and torment.


Message History

Trog appreciates your killing of a magic user.
You barely miss the orc. The orc barely misses you.
You slash the orc!
You kill the orc!
Trog accepts your kill.
You feel better.
You slash the orc!
You kill the orc!
Trog accepts your kill.
You feel better.
No target in view!
No target in view!
Items here: ))) [ †††.
Okay, then.
A two-headed ogre comes into view.
It is wielding a +0 giant club and a +0 giant spiked club.
Found a potion of haste.
A two-headed ogre is nearby!
A two-headed ogre is nearby!
You hit the two-headed ogre but do no damage.
The two-headed ogre hits you with a +0 giant club!
The two-headed ogre hits you but does no damage.
You closely miss the two-headed ogre. You hit the two-headed ogre.
The two-headed ogre is lightly wounded.
The two-headed ogre hits you with a +0 giant club!
The two-headed ogre barely misses you.
You hit the two-headed ogre.
The two-headed ogre is lightly wounded.
The two-headed ogre hits you with a +0 giant club!!
The two-headed ogre hits you but does no damage.
You hit the two-headed ogre but do no damage.
The two-headed ogre is lightly wounded.
You fail to use your ability.
The two-headed ogre hits you with a +0 giant club!
* * * LOW HITPOINT WARNING * * *
The two-headed ogre hits you with a +0 giant spiked club!
* * * LOW HITPOINT WARNING * * *
You feel yourself speed up.
The two-headed ogre hits you with a +0 giant club!
You die...

##.## # ##.#.## #
##.###)########
#.#####........
##.....###.###(
#####.....##...#
#..............#
#.###.....##...# # #.#
#.@..## #.##
#.##.###O#†## #.# #.
#........#.# #.# #.
####.###.#.#####.# #.
#.#####.###.#..∩....#
#.
#...........######..#
### #. #######.##..#
#..###.## #.
#.##..######..##.#.###.
#.....^..........##.##∩


You could see a two-headed ogre.

Vanquished Creatures
  A wyvern (D:8)
  5 yaks (D:7)
  3 wargs
  A water moccasin (D:7)
  2 orc warriors
  A sky beast (D:7)
  2 necrophages
  2 ogres (D:6)
  4 centaurs (D:6)
  A phantom (D:4)
  Blork the orc (D:5)
  4 bullfrogs
  5 scorpions
  2 water moccasin skeletons
  A wight (D:6)
  A centaur zombie (Ossuary)
  4 hounds
  4 jellies
  A gnoll shaman (D:6)
  3 orc priests (D:8)
  2 human zombies (Ossuary)
  2 centaur skeletons (D:6)
  3 iguanas
  5 orc wizards
  2 hound zombies (Ossuary)
  A hound skeleton (D:4)
  3 mummies (Ossuary)
  8 adders
  A white imp (D:8)
  3 ufetubi
  An adder skeleton (D:5)
  5 adder zombies (Ossuary)
  A worm (D:2)
  3 dart slugs (D:1)
  13 orcs
  6 bats
  6 endoplasms
  A giant cockroach (D:1)
  3 gnoll zombies (Ossuary)
  6 goblins
  5 hobgoblins
  2 quokkas
  6 ball pythons
  6 frilled lizards
  2 goblin zombies (Ossuary)
  6 hobgoblin zombies (Ossuary)
  6 jackal zombies (Ossuary)
  5 kobolds
  2 kobold zombies (Ossuary)
  3 orc zombies (Ossuary)
  3 quokka zombies (Ossuary)
  5 rats
  2 rat zombies (Ossuary)
176 creatures vanquished.

Vanquished Creatures (collateral kills)
  Maggie (Temple)
1 creature vanquished.

Grand Total: 177 creatures vanquished

Notes
Turn   | Place    | Note
-------+----------+-------------------------------------------
     0 | D:1      | PentaManta the Ghoul Berserker began the quest for the Orb.
     0 | D:1      | Reached XP level 1. HP: 19/19 MP: 0/0
    54 | D:1      | Reached skill level 3 in Axes
   160 | D:1      | Reached XP level 2. HP: 24/26 MP: 1/1
   552 | D:1      | Reached ** piety under Trog
   560 | D:1      | Reached XP level 3. HP: 30/31 MP: 2/2
   928 | D:1      | Reached skill level 4 in Axes
  1014 | D:1      | Found a faded altar of an unknown god.
  1089 | D:2      | Reached XP level 4. HP: 29/38 MP: 3/3
  1189 | D:2      | Noticed a scorpion
  1218 | D:2      | Killed a scorpion
  1219 | D:2      | Reached skill level 5 in Axes
  1219 | D:2      | Reached XP level 5. HP: 23/45 MP: 4/4
  1584 | D:2      | Noticed an ogre
  1727 | D:3      | HP: 1/45 [scorpion (4)]
  2200 | D:3      | Reached XP level 6. HP: 51/51 MP: 5/5
  2319 | D:3      | Found a sacrificial altar of Ru.
  2450 | D:4      | Reached skill level 6 in Axes
  2460 | D:4      | Found a basalt altar of Yredelemnul.
  2508 | D:4      | Identified the +0 leather armour of the Barber Surgeon
                  | {Int-2 Dex+5}
  2750 | D:4      | Found a sand-covered staircase.
  2822 | Ossuary  | Entered an ossuary
  2993 | Ossuary  | Reached *** piety under Trog
  3152 | Ossuary  | Reached skill level 7 in Axes
  3152 | Ossuary  | Reached XP level 7. HP: 37/57 MP: 6/6
  4302 | D:5      | Entered Level 5 of the Dungeon
  4302 | D:5      | Noticed Blork the orc
  4433 | D:5      | Found Xicliym's Distillery.
  4475 | D:4      | Reached skill level 8 in Axes
  4567 | D:5      | Killed Blork the orc
  4599 | D:5      | Reached XP level 8. HP: 42/63 MP: 7/7
  4603 | D:5      | Bought a potion of heal wounds for 55 gold pieces
  4603 | D:5      | Bought a potion of curing for 33 gold pieces
  5097 | D:5      | Noticed Ijyb
  5801 | D:7      | Reached **** piety under Trog
  5825 | D:6      | Reached skill level 9 in Axes
  6048 | D:6      | Found a staircase to the Ecumenical Temple.
  6073 | Temple   | Entered the Ecumenical Temple
  6215 | D:6      | Noticed Maggie
  6263 | Temple   | Killed Maggie
  6384 | D:6      | Reached skill level 10 in Axes
  6551 | D:6      | Reached XP level 9. HP: 43/70 MP: 8/8
  6921 | D:6      | Reached skill level 11 in Axes
  7398 | D:7      | Found a radiant altar of Vehumet.
  7874 | D:7      | Found a bloodstained altar of Trog.
  7888 | D:7      | Found a shimmering blue altar of Sif Muna.
  7970 | D:7      | Noticed sorek's ghost (novice MiBe)
  7971 | D:7      | Found a runed translucent door.
  8393 | D:7      | Reached skill level 12 in Axes
  8678 | D:7      | Reached XP level 10. HP: 68/78 MP: 9/9
  8859 | D:7      | Reached skill level 5 in Fighting
  9195 | D:8      | Found a staircase to the Lair.
  9326 | D:8      | Found Gypafaps's Jewellery Shop.
  9371 | D:8      | Found Inunwaxt's Distillery.
  9533 | D:8      | Bought a potion of haste for 130 gold pieces
  9546 | D:8      | Found Voqybe Lida's Jewellery Boutique.
  9595 | D:8      | Noticed a two-headed ogre
  9604 | D:8      | HP: 2/81 [two-headed ogre (17)]
  9609 | D:8      | Demolished by a two-headed ogre

Illustrated notes

Levels and vault maps discovered:
D:1:      minmay_arrival_loop, layout_basic,
          shapermc_ecumenical_altar_mp_vishouse
D:2:      layout_loops_ring, basic_altar, hangedman_abyss_or_decor_lesser_grid
D:3:      layout_basic, nicolae_ru_path_of_blood
D:4:      layout_loops_ring, nicolae_overflow_crystal_walls,
          nicolae_ossuary_entry_plus
D:5:      layout_rooms, serial_co_window_serial, co_window_paths_a,
          co_window_of_opportunity_a, co_window_paths_a, co_window_paths_b,
          co_window_cross_1, co_window_2corner, co_window_unsneaky_path_b,
          co_window_2corner, co_window_broadway_c, co_window_cross_3,
          co_window_4corner_b, glass_columns_c, glass_columns_a,
          glass_columns_b, glass_columns_c, serial_shops, shop, uniq_ijyb,
          uniq_blork_the_orc
D:6:      nicolae_whirlpool, layout_rooms, minmay_temple_entry_sparse_star,
          minmay_quadrilaterals, uniq_maggie
D:7:      layout_loops_corners, nzn_overflow_gifts_of_might_and_magic,
          nicolae_vehumet_altar_sigil, gammafunk_ghost_grave
D:8:      layout_loops_ring, erik_lair_orcish_takeover, serial_shops, shop,
          shop, nicolae_shop_statue_plus, shop
Temple:   dshaligram_water_room_temple

Skill      XL: |  1  2  3  4  5  6  7  8  9 10 |
---------------+-------------------------------+-----
Axes           | 3 4 5 7 8 10 12 | 12.4
Armour         | 2 3 |  3.9
Fighting       | 4 5 |  5.4
Dodging        | |  1.7

Action                   |  1- 3 |  4- 6 |  7- 9 | 10-12 || total
-------------------------+-------+-------+-------+-------++-------
Melee: Hand axe          |   114 |   205 |   271 |       ||   590
       Whip              |       |   141 |       |       ||   141
       War axe           |       |       |   127 |    84 ||   211
Throw: Dart              |       |       |     1 |       ||     1
Invok: Trog's Hand       |       |     1 |     2 |       ||     3
       Brothers in Arms  |       |       |     1 |       ||     1
Evoke: Wand              |       |       |     1 |       ||     1
  Use: Scroll            |       |     3 |       |       ||     3
       Potion            |       |       |       |     1 ||     1
Armor: Scale mail        |    59 |   194 |    32 |       ||   285
       Chain mail        |       |       |   184 |    26 ||   210
Dodge: Dodged            |    65 |   202 |   177 |    26 ||   470

Table legend: (Time is in decaauts)
 A = Elapsed time spent in this place.
 B = Non-inter-level travel time spent in this place.
 C = Inter-level travel time spent in this place.
 D = Time resting spent in this place.
 E = Time spent auto-exploring this place.
 F = Levels seen in this place.
 G = Mean time per level.
                   A        B        C        D        E       F      G
               +--------+--------+--------+--------+--------+-----+--------+
         Total |   9615 |   9309 |    306 |   2968 |   4090 |  10 |  961.5 |
       Dungeon |   8577 |   8293 |    284 |   2570 |   3881 |   8 | 1072.1 |
        Temple |    222 |    200 |     22 |     65 |    100 |   1 |  222.0 |
       Ossuary |    814 |    814 |      0 |    333 |    109 |   1 |  814.0 |
               +--------+--------+--------+--------+--------+-----+--------+

Top non-repeatable levels by time:
     D:7: 1757 daAuts
     D:4: 1563 daAuts
     D:6: 1400 daAuts
     D:1: 1060 daAuts
     D:5: 966 daAuts
 Ossuary: 814 daAuts
     D:3: 771 daAuts
     D:2: 573 daAuts
     D:8: 483 daAuts
  Temple: 222 daAuts
